 Dungeon Crawl Stone Soup version 0.17-a0-2055-gb4e23be (webtiles) character file.

1437 magipi the Cleaver (level 8, -4/61 HPs)
             Began as a Ghoul Gladiator on Oct 11, 2015.
             Was a Believer of Makhleb.
             Slain by a water moccasin (7 damage)
             ... on level 7 of the Dungeon.
             The game lasted 00:31:41 (4063 turns).

magipi the Cleaver (Ghoul Gladiator)                Turns: 4063, Time: 00:31:42

Health: -4/61      AC:  6    Str: 24    XL:     8   Next: 74%
Magic:  7/7        EV: 11    Int:  3    God:    Makhleb [**....]
Gold:   230        SH:  0    Dex: 11    Spells: 1 memorised, 6 levels left

rFire  . . .     SeeInvis .     a - +2 battleaxe (curse)
rCold  + . .     Clarity  .     o - +0 ring mail
rNeg   + + +     SustAt   +     (no shield)
rPois  ∞         Gourm    .     c - +0 helmet
rElec  .         Spirit   .     (no cloak)
rCorr  .         Warding  .     (no gloves)
rMut   .         Stasis   .     (no boots)
MR     .....                    (no amulet)
Stlth  +.........               y - +1 ring of slaying
                                s - ring of sustain attributes

@: mighty, rotting, not resistant to hostile enchantments, very unstealthy
A: rotting body, claws 1, carnivore 3, cold resistance 1, negative energy
resistance 3, slow regeneration 1, torment resistance, unbreathing
a: Minor Destruction, Renounce Religion


You were on level 7 of the Dungeon.
You worshipped Makhleb.
Makhleb was pleased with you.
You were not hungry.

You visited 2 branches of the dungeon, and saw 8 of its levels.

You collected 372 gold pieces.
You spent 142 gold pieces at shops.

Notes
Turn   | Place    | Note
--------------------------------------------------------------
     0 | D:1      | magipi the Ghoul Gladiator began the quest for the Orb.
     0 | D:1      | Reached XP level 1. HP: 17/17 MP: 0/0
   120 | D:1      | Reached skill level 3 in Axes
   120 | D:1      | Reached XP level 2. HP: 22/24 MP: 1/1
   384 | D:2      | Found a bloodstained altar of Trog.
   478 | D:2      | Reached XP level 3. HP: 23/28 MP: 2/2
   517 | D:2      | Found a shattered altar of Ashenzari.
   839 | D:2      | Reached skill level 4 in Axes
  1066 | D:3      | Reached XP level 4. HP: 23/36 MP: 3/3
  1485 | D:2      | Reached XP level 5. HP: 41/41 MP: 4/4
  1539 | D:2      | Noticed Jessica
  1551 | D:2      | Killed Jessica
  1551 | D:2      | Reached skill level 5 in Axes
  1820 | D:4      | Noticed Robin
  1827 | D:4      | Noticed an ogre
  1962 | D:3      | Noticed Ijyb
  1985 | D:3      | Killed Ijyb
  1985 | D:3      | Reached XP level 6. HP: 31/47 MP: 5/5
  2047 | D:3      | Reached skill level 6 in Axes
  2233 | D:4      | Found a staircase to the Ecumenical Temple.
  2240 | Temple   | Entered the Ecumenical Temple
  2279 | Temple   | Became a worshipper of Makhleb the Destroyer
  2342 | D:4      | Killed an ogre
  2563 | D:4      | Reached skill level 7 in Axes
  2563 | D:4      | Reached XP level 7. HP: 50/55 MP: 6/6
  2564 | D:4      | Found a snail-covered altar of Cheibriados.
  2610 | D:4      | Noticed an ogre
  2643 | D:5      | Entered Level 5 of the Dungeon
  2754 | D:4      | Acquired Makhleb's first power
  2761 | D:4      | Killed an ogre
  2814 | D:5      | Reached skill level 8 in Axes
  2923 | D:5      | Noticed radek's ghost (novice DsBe)
  3144 | D:6      | Reached XP level 8. HP: 35/60 MP: 7/7
  3269 | D:5      | Noticed Eustachio
  3315 | D:6      | Found Oghedeohi's Magic Scroll Emporium.
  3323 | D:6      | Bought a scroll of identify for 22 gold pieces
  3323 | D:6      | Bought a scroll of magic mapping for 38 gold pieces
  3323 | D:6      | Bought a scroll of blinking for 82 gold pieces
  3359 | D:6      | Reached skill level 9 in Axes
  3435 | D:6      | Found a deep blue altar of Sif Muna.
  3566 | D:6      | Found a radiant altar of Vehumet.
  3646 | D:6      | Found Ryosij's Gadget Boutique.
  3887 | D:6      | Identified Ryasmayh's Reference Book on Stolen Souls
  3892 | D:6      | Learned a level 1 spell: Animate Skeleton
  3900 | D:6      | Acquired Makhleb's second power
  3932 | D:7      | Noticed Menkaure
  3938 | D:7      | Noticed Joseph
  3940 | D:7      | Killed Menkaure
  3940 | D:7      | Reached skill level 1 in Necromancy
  4059 | D:7      | HP: 2/61 [water moccasin (4)]
  4063 | D:7      | Slain by a water moccasin

Inventory:

Hand Weapons
 a - a cursed +2 battleaxe (weapon)
 b - a +1 blowgun
Missiles
 p - 42 poisoned needles
 v - 2 curare-tipped needles
 x - 4 tomahawks (quivered)
Armour
 c - a +0 helmet (worn)
 o - a +0 ring mail (worn)
Jewellery
 s - a ring of sustain attributes (left claw)
 t - an uncursed ring of teleportation
 y - a +1 ring of slaying (right claw)
Wands
 k - a wand of digging (11)
 C - a wand of disintegration (8)
 D - a wand of disintegration (20)
 F - a wand of digging (12)
Scrolls
 g - a scroll of noise
 h - a scroll of remove curse
 i - a scroll of identify
 n - 3 scrolls of magic mapping
 q - 5 scrolls of teleportation
 A - 2 scrolls of enchant weapon
 B - a scroll of blinking
Potions
 l - 2 potions of flight
Books
 f - a book of Ice

   Spells                             Type                      Level
   a - Ice Form                       Ice/Transmutation            4
   b - Metabolic Englaciation         Hexes/Ice                    5
   c - Ozocubu's Refrigeration        Ice                          6
   d - Bolt of Cold                   Conjuration/Ice              6
   e - Freezing Cloud                 Conjuration/Ice/Air          6
   f - Simulacrum                     Ice/Necromancy               6
 z - Ryasmayh's Reference Book on Stolen Souls
   (You found it on level 6 of the Dungeon)

   Spells                             Type                      Level
   a - Animate Skeleton               Necromancy                   1
   b - Corpse Rot                     Necromancy                   2
   c - Sublimation of Blood           Necromancy                   2
   d - Animate Dead                   Necromancy                   4
   e - Bolt of Draining               Conjuration/Necromancy       5
Comestibles
 e - 2 meat rations
 m - a beef jerky
 r - a slice of pizza


   Skills:
 - Level 2.1 Fighting
 + Level 9.8 Axes
 - Level 2.0 Throwing
 - Level 2.6 Dodging
 + Level 1.7 Necromancy


You had 6 spell levels left.
You knew the following spells:

 Your Spells              Type           Power        Failure   Level  Hunger
a - Animate Skeleton      Necr           N/A          54%         1    ##.....


Dungeon Overview and Level Annotations

Branches:
Dungeon (7/15)             Temple (1/1) D:4

Altars:
Ashenzari
Cheibriados
Makhleb
Qazlal
Sif Muna
Trog
Vehumet

Shops:
D:6 ?}

Annotations:
D:4 Robin
D:5 Eustachio; radek's ghost, novice DsBe
D:7 Joseph


Innate Abilities, Weirdness & Mutations

Your body is rotting away.
You thrive on raw meat.
You are immune to poison.
You have sharp fingernails.
You are carnivorous and can eat meat at any time.
Your flesh is cold resistant.
You are immune to negative energy.
You regenerate slowly when monsters are visible.
You are immune to unholy pain and torment.
You can survive without breathing.

Vault maps used:
D:1:      minmay_arrival_checkered_box, serial_curves, eino_curves_03,
          eino_curves_02, eino_curves_03
D:2:      mumra_celtic_spiral_tile, old_standard_altar, evilmike_ruin_ashenzari,
          uniq_jessica
D:3:      lemuel_old_faithful, uniq_iyjb
D:4:      lemuel_crystal_altar, minmay_temple_entry_mist, first_bread,
          uniq_robin
D:5:      uniq_eustachio
D:6:      nicolae_overflow_hidden_temple, basic_altar, serial_shops, shop,
          nicolae_shop_statue_plus, minmay_holes
D:7:      hangedman_decor_growths, uniq_joseph, uniq_menkaure
Temple:   minmay_temple_forest_path_12


Message History

An orc comes into view. It is wielding a mace.
The orc shouts!
You hit the orc.
The orc is moderately wounded.
The orc hits you with a mace.
You barely miss the orc.
The orc is moderately wounded.
The orc misses you.
You slice the orc!!
You kill the orc!
Makhleb accepts your kill.
You feel better.
You see here a mace.
You feel your flesh rotting away.
There is a stone staircase leading down here.
You climb downwards.
Level annotation: Joseph
There is a stone staircase leading up here.
There is a stone staircase leading up here.
Found a ring mail.
A water moccasin comes into view.
The water moccasin hisses angrily.
You barely miss the water moccasin. The water moccasin bites you.
The water moccasin bites you but does no damage.
You barely miss the water moccasin. The water moccasin bites you!
You barely miss the water moccasin. The water moccasin barely misses you.
The water moccasin bites you.
You miss the water moccasin. The water moccasin closely misses you.
The water moccasin bites you but does no damage.
You hit the water moccasin.
The water moccasin is lightly wounded.
The water moccasin bites you!
You hit the water moccasin.
The water moccasin is moderately wounded.
The water moccasin bites you!
The water moccasin bites you but does no damage.
You closely miss the water moccasin.
The water moccasin is moderately wounded.
The water moccasin bites you but does no damage.
The water moccasin barely misses you.
You closely miss the water moccasin.
The water moccasin is moderately wounded.
The water moccasin misses you.
You miss the water moccasin.
The water moccasin is lightly wounded.
The water moccasin barely misses you. The water moccasin misses you.
Throwing (i - inventory. (,) - cycle):
d - 3 throwing nets (quivered)
Press: ? - help, Shift-Dir - straight line, f - water moccasin
Aim: a water moccasin (lightly wounded)
You throw a throwing net.
The throwing net misses the water moccasin.
The water moccasin bites you but does no damage.
Unknown command.
Throwing (i - inventory. (,) - cycle):
d - 2 throwing nets (quivered)
Press: ? - help, Shift-Dir - straight line, f/p - water moccasin
Aim: a water moccasin (lightly wounded)
You throw a throwing net.
The throwing net misses the water moccasin.
The water moccasin barely misses you. The water moccasin bites you.
Unknown command.
Throwing (i - inventory. (,) - cycle):
d - a throwing net (quivered)
Press: ? - help, Shift-Dir - straight line, f/p - water moccasin
Aim: a water moccasin (lightly wounded)
You throw a throwing net.
The throwing net closely misses the water moccasin.
The water moccasin bites you but does no damage.
Unknown command.
You miss the water moccasin.
The water moccasin is lightly wounded.
The water moccasin barely misses you. The water moccasin bites you.
* * * LOW HITPOINT WARNING * * *
Drink which item? (? for menu, Esc to quit)
You feel better. The water moccasin barely misses you.
Drink which item? (? for menu, Esc to quit)
You feel very mighty all of a sudden. The water moccasin bites you.
* * * LOW HITPOINT WARNING * * *
Unknown command.
You slash the water moccasin!
The water moccasin is severely wounded.
The water moccasin bites you!
* * * LOW HITPOINT WARNING * * *
The water moccasin bites you but does no damage.
Drink which item? (? for menu, Esc to quit)
You can't drink that!
Drink which item? (? for menu, Esc to quit)
You feel better. The water moccasin bites you.
* * * LOW HITPOINT WARNING * * *
Unknown command.
You barely miss the water moccasin.
The water moccasin is severely wounded.
The water moccasin bites you.
* * * LOW HITPOINT WARNING * * *
The water moccasin bites you.
* * * LOW HITPOINT WARNING * * *
The water moccasin bites you but does no damage.
A jelly comes into view.
The jelly quivers.
The water moccasin bites you!
You die...

#.......# #.#####<#
#.# #.# #.#
#.#####.# #.......#
##.#.##.# #
#.##.#@##.##.##
...J....S.....(#
.....##.##.##......
.... ........ .....
.....#####.#...#...
.... [.##..# ## ###
### ..# ... ..


You could see a water moccasin and a jelly.

Vanquished Creatures
  Menkaure (D:7)
  2 sky beasts
  2 ogres (D:4)
  A centaur (D:6)
  A giant frog (D:6)
  3 scorpions
  3 wights (D:6)
  2 jellies (D:5)
  2 orc wizards
  Ijyb (D:3)
  A hound (D:4)
  Jessica (D:2)
  2 iguanas
  4 worker ants
  5 adders
  3 gnolls (D:5)
  4 oozes
  An adder skeleton (D:6)
  An adder zombie (D:5)
  2 worms (D:2)
  6 giant geckos
  8 orcs
  9 bats
  4 giant cockroaches
  11 hobgoblins
  3 jackals (D:4)
  8 kobolds
  4 giant newts
  13 goblins
  A jackal zombie (D:5)
  4 quokkas
  A quokka zombie (D:5)
  6 rats
  A fungus (Temple)
121 creatures vanquished.

Vanquished Creatures (others)
  A rat (D:3)
1 creature vanquished.

Grand Total: 122 creatures vanquished

Action                   |  1- 3 |  4- 6 |  7- 9 || total
-------------------------+-------+-------+-------++-------
Melee: War axe           |   125 |   195 |   109 ||   429
       Battleaxe         |       |       |    31 ||    31
 Fire: Blowgun           |       |       |    15 ||    15
Throw: Throwing net      |       |     4 |     3 ||     7
Evoke: Wand              |       |       |     1 ||     1
  Use: Scroll            |       |    11 |     4 ||    15
       Potion            |       |     2 |     3 ||     5
 Stab: Invisible         |       |     2 |       ||     2
  Eat: Chunk             |    15 |    26 |    16 ||    57

Action                   |  1- 3 |  4- 6 |  7- 9 || total
-------------------------+-------+-------+-------++-------
Melee: War axe           |   125 |   195 |   109 ||   429
       Battleaxe         |       |       |    31 ||    31
 Fire: Blowgun           |       |       |    15 ||    15
Throw: Throwing net      |       |     4 |     3 ||     7
Evoke: Wand              |       |       |     1 ||     1
  Use: Scroll            |       |    11 |     4 ||    15
       Potion            |       |     2 |     3 ||     5
 Stab: Invisible         |       |     2 |       ||     2
  Eat: Chunk             |    15 |    26 |    16 ||    57
